Construct Section Command Post
Selects Heavy Armor Battlegroup
Construct Field Infirmary
Selects Rigorous Vehicle Training
Construct Platoon Command Post
Unlock M3 Stuart Light Tanks
Selects Light Vehicle Withdraw and Refit
6-pounder Anti-tank Gun Team
Selects Forward Repair Assembly
Selects UNKNOWN (2162094)
Selects Forward Repair Assembly
Construct Company Command Post
Selects Churchill Black Prince Heavy Tank
Churchill Black Prince Heavy Tank